Description

This is a super fast 3 Gate that still gets 8 Units at opponent's ramp by 3:20 by proxying the 3rd gate early enough to Chrono a Stalker out of it before Warp tech finishes.

This can be fairly easily dealt with by Zergs who can flood lings even if they went Hatch first to counter it, but it is a disaster for Protoss and Terran to handle.

An example of it crushing a lower level (high diamond / low masters) game can be found here: https://www.youtube.com/watch?v=hJ2l61-ML00

Here are the pros and cons compared to a traditional 4 Gate:

Pro - This build is faster and hits earlier which makes all the difference

Con - When fighting a 4 gate your adepts are trash compared to their Stalkers

Pro - Adepts can use Shade to give high ground vision to pick off Supply depots for free or to Shade by bunkers or cannons.

Pro - The 4 fast Adepts are much better at defending your proxy from early lings or a reaper which is why you usually only need the 1 proxy pylon

Pro - By not building a 4th Gate you are saving 150 minerals

Con - There are slightly more probe cuts, but you still end up with 23 Probes and the lost minerals do not add up anywhere near to the 150 you saved on the 4th Gateway.

Con - You are more vulnerable against air, so if you are playing against 2 Protoss that might both be going skytoss you may need to fall back and let ally ling flood their base. Against 1 Skytoss you should have plenty of Stalkers.

VOD

https://www.youtube.com/watch?v=093Tk5zbJ2o

Replay - AmunRa v ButterSnapps v DonaldMengsk v Jupiterian - Emerald City LE

Build Order

Get SALT Encoding   

  12  0:00  Probe  
  13  0:13  Pylon  
  13  0:19  Probe  
  14  0:32  Gateway  
  14  0:40  Probe  
  15  0:45  Assimilator  
  15  0:52  Probe  
  16  1:04  Probe  
  16  1:06  Gateway  
  17  1:16  Probe  
  18  1:21  Cybernetics Core  
  18  1:28  Probe  
  18  1:32  Pylon  
  19  1:40  Probe  
  20  1:48  Warp Gate (Chrono Boost)  
  20  1:50  Gateway  
  20  1:59  Adept x2  
  22  2:06  Probe  
  25  2:14  Pylon  
  25  2:28  Adept x2  
  29  2:37  Stalker  
  31  2:45  Assimilator  
  31  2:47  Probe  
  33  3:15  Stalker x3  
Spawning Tool Build Advisor. Get it on Overwolf

Go to:

Details

  • Created by: meadbert
  • Published on: Aug 03, 2020
  • Modified on: Aug 03, 2020
  • Patch: 4.11.0
  • Difficulty: Easy
Show
View Real Time Build Order
Export as new Build Order

Comments (0)

There are no comments. Be the first!

Create an account to comment!